 Dungeon Crawl Stone Soup version 0.32-a0-928-g1cae6b7ea0 (webtiles) character file.

Game seed: 2679712684513300588

861 mopl the Carver (level 8, -2/61 HPs)
             Began as a Merfolk Fighter on Apr 12, 2024.
             Engulfed by a steam dragon's steam (5 damage)
             ... on level 6 of the Dungeon.
             The game lasted 00:05:10 (3717 turns).

mopl the Carver (Merfolk Fighter)                   Turns: 3717, Time: 00:05:11

Health: -2/61      AC: 10    Str: 19    XL:     8   Next: 2%
Magic:  8/8        EV:  9    Int:  7    God:
Gold:   255        SH:  4    Dex: 13    Spells: 7/7 levels left

rFire   . . .        b - +2 dagger (drain)
rCold   . . .        c - +0 buckler
rNeg    + . .        g - +0 scale mail
rPois   .            f - +1 helmet
rElec   .            (no cloak)
rCorr   .            (no gloves)
SInv    .            l - +0 pair of boots
Will    +....        (no amulet) Stlth
                     o - ring of willpower
HPRegen 0.30/turn    w - ring of positive energy
MPRegen 0.11/turn

%: no passive effects
@: no status effects
A: (nimble swimmer 2), mertail
a: no special abilities


You were on level 6 of the Dungeon.
You visited 1 branch of the dungeon, and saw 6 of its levels.

You collected 255 gold pieces.

Inventory:

Hand Weapons
 a - a +0 long sword
 b - a +2 dagger of draining (weapon)
 q - a +2 whip of venom
Missiles
 t - 6 boomerangs (quivered)
Armour
 c - a +0 buckler (worn)
 f - a +1 helmet (worn)
 g - a +0 scale mail (worn)
 l - a +0 pair of boots (worn)
Jewellery
 o - a ring of willpower (left hand)
 w - a ring of positive energy (right hand)
Scrolls
 e - 8 scrolls of identify {unknown}
 i - a scroll of vulnerability {unknown}
 j - 2 scrolls of amnesia {unknown}
 r - a scroll of immolation {unknown}
 s - 3 scrolls of teleportation {unknown}
 x - 2 scrolls of fear {unknown}
 y - a scroll of poison {unknown}
 z - a scroll of silence {unknown}
 B - a scroll of enchant armour {unknown}
Potions
 d - 2 potions of might
 h - a potion of mutation {unknown}
 k - 3 potions of brilliance {unknown}
 m - a potion of degeneration {unknown}
 n - a potion of magic {unknown}
 p - 2 potions of heal wounds {unknown}
 u - a potion of curing {unknown}
 v - 2 potions of invisibility {unknown}
 A - a potion of resistance {unknown}


   Skills:
 + Level 4.4 Fighting
 * Level 8.7 Long Blades
 + Level 2.2 Throwing
 + Level 3.0 Armour
 + Level 3.1 Dodging
 - Level 3.0 Shields


You had 7 spell levels left.
You didn't know any spells.
Your spell library contained the following spells:

 Spells                   Type           Power      Damage    Failure   Level
 Frozen Ramparts          Ice            0%         1d1       99%         3
 Ozocubu's Armour         Ice            0%         N/A       99%         3
 Volatile Blastmotes      Fire/Tloc      0%         2d10      99%         3
 Fulminant Prism          Conj/Alch      0%         3d5       100%        4
 Iskenderun's Mystic Bla Conj/Tloc 0%             2d3        (+2d1     100%        4
 Metabolic Englaciation   Hex/Ice        0%         N/A       100%        5


Dungeon Overview and Level Annotations

Branches:
Dungeon (6/15)
 Temple: D:4-7

Altars:
Cheibriados
Makhleb
Sif Muna


Innate Abilities, Weirdness & Mutations

((You are very nimble when in or above water. (Stealth+, EV+, Speed+++)))
Your lower body shifts to a powerful aquatic tail in water.


Message History

The ball of steam hits the kobold!!
The kobold dies!
The ball of steam hits you!
You are too injured to fight recklessly!
Unknown command.
A kobold comes into view. It is wielding a +0 dagger.
The kobold shouts!
The kobold brigand attacks as it pursues you!
The kobold brigand hits you with a +0 short sword.
An ice beast comes into view.
The kobold barely misses you.
The kobold brigand is engulfed in a cloud of scalding steam.
The steam dragon breathes steam at you.
The ball of steam hits the kobold!
The kobold dies!
The ball of steam hits you.
The kobold brigand is engulfed in a cloud of scalding steam.
The kobold brigand attacks as it pursues you!
The kobold brigand closely misses you.
You hear an angry growl.
You are engulfed in a cloud of scalding steam.
The kobold brigand is engulfed in a cloud of scalding steam.
The kobold brigand throws a poisoned dart.
The poisoned dart hits you.
You are poisoned.
You feel sick.
The kobold brigand is engulfed in a cloud of scalding steam.
You feel sick. The steam dragon breathes steam at you.
The ball of steam hits you.
* * * LOW HITPOINT WARNING * * *
You feel sick.
You feel sick.
You feel sick.
You are no longer poisoned.
The steam dragon breathes steam at you. The ball of steam hits you!
* * * LOW HITPOINT WARNING * * *
You are engulfed in a cloud of scalding steam.
You die...

.......##.#.####..##......
#.........#.##............
............................
#.....$#....###.##...........
#..?.....##......#...........
........###.####.....##..#...
........###.# #.#...........
....).§KK§.D####......<......
###..§§####..§§§@§§..........
..K.>...Y.......§§§..........
.Y.§.........#..#####..#....#
................# #..# ...
.................. ...# #
...............#####....
................ .....#
..........### ####...
.......# ...#


There were no monsters in sight!

Vanquished Creatures
  Sigmund (D:2)
  A black bear (D:6)
  A centaur (D:6)
  A bullfrog (D:6)
  2 bombardier beetles
  A hound (D:6)
  A jelly (D:6)
  A sleepcap (D:5)
  Jessica (D:2)
  A human skeleton (D:5)
  3 orc wizards
  2 iguanas
  A hound skeleton (D:5)
  4 adders
  2 ribbon worms (D:3)
  4 dart slugs
  9 orcs
  6 ball pythons
  5 endoplasms
  3 giant cockroaches (D:2)
  10 goblins
  6 hobgoblins
  6 jackals
  11 kobolds
  2 quokkas
  5 bats
  A frilled lizard (D:2)
  7 rats
98 creatures vanquished.

Vanquished Creatures (others)
  2 kobolds (D:6)
2 creatures vanquished.

Grand Total: 100 creatures vanquished

Notes
Turn   | Place    | Note
-------+----------+-------------------------------------------
     0 | D:1      | mopl the Merfolk Fighter began the quest for the Orb.
     0 | D:1      | Reached XP level 1. HP: 18/18 MP: 1/1
   266 | D:1      | Reached skill level 3 in Long Blades
   279 | D:1      | Reached XP level 2. HP: 23/24 MP: 2/2
   450 | D:1      | Reached skill level 4 in Long Blades
   741 | D:2      | Reached XP level 3. HP: 26/29 MP: 3/3
   848 | D:2      | Noticed Sigmund
  1336 | D:2      | Killed Sigmund
  1337 | D:2      | Reached skill level 6 in Long Blades
  1337 | D:2      | Reached XP level 4. HP: 26/35 MP: 4/4
  1337 | D:2      | Reached XP level 5. HP: 31/41 MP: 5/5
  1499 | D:2      | Noticed Jessica
  1505 | D:2      | Killed Jessica
  1506 | D:2      | Reached skill level 7 in Long Blades
  1709 | D:3      | Found a snail-covered altar of Cheibriados.
  1722 | D:3      | Reached XP level 6. HP: 47/47 MP: 6/6
  1760 | D:3      | Found a shimmering blue altar of Sif Muna.
  1778 | D:3      | Found a faded altar of an unknown god.
  2273 | D:4      | Reached skill level 1 in Dodging
  2844 | D:5      | Entered Level 5 of the Dungeon
  3033 | D:5      | Reached skill level 1 in Throwing
  3035 | D:5      | Reached XP level 7. HP: 53/53 MP: 7/7
  3095 | D:5      | Found a burning altar of Makhleb.
  3132 | D:5      | Reached skill level 2 in Dodging
  3159 | D:5      | Reached skill level 8 in Long Blades
  3245 | D:5      | Reached skill level 4 in Fighting
  3673 | D:6      | Reached skill level 2 in Throwing
  3682 | D:6      | Reached skill level 3 in Armour
  3682 | D:6      | Reached skill level 3 in Dodging
  3682 | D:6      | Reached XP level 8. HP: 39/61 MP: 8/8
  3716 | D:6      | HP: 3/61 [something/ball of steam (10)]
  3717 | D:6      | Engulfed by a steam dragon's steam

Illustrated notes

Levels and vault maps discovered:
D:1:      amcnicky_arrival_abandoned_market, layout_basic,
          minmay_misc_feat_more_columns
D:2:      layout_basic, chequers_serial_rivers_micro_c, minmay_hedge_maze,
          chequers_serial_rivers_micro_d, minmay_cut_off, uniq_jessica,
          uniq_sigmund
D:3:      layout_rooms, mainiacjoe_overflow_catch_the_wave,
          basic_ecumenical_altar
D:4:      layout_basic
D:5:      layout_basic, makhleb_blood_cavern_becter
D:6:      layout_rooms, lemuel_doored_altar, lemuel_coloured_pillars_altar

Skill      XL: |  1  2  3  4  5  6  7 |
---------------+----------------------+-----
Long Blades    | 3 4 6 7 8 |  8.7
Dodging        | 1 3 |  3.1
Throwing       | 1 2 |  2.2
Fighting       | 4 |  4.4
Armour         | 3 |  3.0
Shields        | |  3.0

Action                     |  1- 3 |  4- 6 |  7- 9 || total
---------------------------+-------+-------+-------++-------
  Melee: Long sword        |    20 |       |       ||    20
         Whip              |   129 |    26 |       ||   155
         Dagger            |       |   160 |   112 ||   272
 Armour: Scale mail        |    75 |    84 |    64 ||   223
  Dodge: Dodged            |    37 |    60 |    36 ||   133
  Block: Buckler           |    32 |    33 |    20 ||    85

Table legend: (Time is in decaauts)
 A = Elapsed time spent in this place.
 B = Non-inter-level travel time spent in this place.
 C = Inter-level travel time spent in this place.
 D = Time resting spent in this place.
 E = Time spent auto-exploring this place.
 F = Levels seen in this place.
 G = Mean time per level.
                   A        B        C        D        E       F      G
               +--------+--------+--------+--------+--------+-----+--------+
         Total |   3686 |   3577 |    109 |    273 |   2455 |   6 |  614.3 |
       Dungeon |   3686 |   3577 |    109 |    273 |   2455 |   6 |  614.3 |
               +--------+--------+--------+--------+--------+-----+--------+

Top non-repeatable levels by time:
     D:2: 982 daAuts
     D:5: 745 daAuts
     D:1: 745 daAuts
     D:4: 633 daAuts
     D:3: 478 daAuts
     D:6: 101 daAuts
